 Dungeon Crawl Stone Soup version 0.32-a0-834-geaf45d8e21 (webtiles) character file.

Game seed: 14593686428864645111

19 Klosterheim the Trooper (level 2, 24/24 HPs)
             Began as a Coglin Fighter on Mar 25, 2024.
             Got out of the dungeon alive.
             The game lasted 00:02:55 (927 turns).

Klosterheim the Trooper (Coglin Fighter)             Turns: 927, Time: 00:02:56

Health: 24/24      AC:  7    Str: 16    XL:     2   Next: 75%
Magic:  2/2        EV:  7    Int:  7    God:
Gold:   48         SH:  4    Dex: 13    Spells: 1/1 levels left

rFire   . . .        a - +0 flail {Aiguo}
rCold   . . .        c - +0 buckler
rNeg    . . .        b - +0 scale mail
rPois   .            j - +0 helmet
rElec   .            (no cloak)
rCorr   .            (no gloves)
SInv    .            (no boots)
Will    .....        (amulet unavailable) Stlth
                     (ring unavailable)
HPRegen 0.24/turn    (ring unavailable)
MPRegen 0.08/turn    (no gizmo)

%: no passive effects
@: no status effects
A: off-hand wielding, slow wielding, warmup strikes, no jewellery
a: Invent Gizmo


You escaped.
You visited 1 branch of the dungeon, and saw 2 of its levels.

You collected 48 gold pieces.

Inventory:

Hand Weapons
 a - a +0 flail (weapon) {Aiguo}
Armour
 b - a +0 scale mail (worn)
 c - a +0 buckler (worn)
 j - a +0 helmet (worn)
Scrolls
 e - a scroll of vulnerability {unknown}
 f - 4 scrolls of teleportation {unknown}
 g - a scroll of enchant armour {unknown}
 k - a scroll of torment {unknown}
Potions
 d - a potion of might
 h - a potion of attraction {unknown}
 i - a potion of haste {unknown}


   Skills:
 + Level 3.2 Fighting
 * Level 2.3 Maces & Flails
 + Level 2.9 Armour
 + Level 2.3 Shields


You had one spell level left.
You didn't know any spells.
Your spell library was empty.

Dungeon Overview and Level Annotations

Branches:
Dungeon (2/15)

Altars:


Innate Abilities, Weirdness & Mutations

You can wield a second weapon in your off-hand.
It takes a long time for you to wield or remove held weapons.
Your first few attacks do less damage.
You cannot equip rings or amulets.


Message History

You kill the bat!
No target in view!
No target in view!
No target in view!
You now have 29 gold pieces (gained 15).
Done exploring.
Done exploring.
Done exploring.
Done exploring.
Done exploring.
Done exploring.
Done exploring.
Done exploring.
Done exploring.
There is a stone staircase leading down here.
You climb downwards.
Found 19 gold pieces.
Found a stone staircase leading up.
There is a stone staircase leading up here.
You now have 37 gold pieces (gained 8).
You now have 48 gold pieces (gained 11).
A frilled lizard comes into view.
The frilled lizard hisses angrily.
A frilled lizard is nearby!
A frilled lizard is nearby!
A frilled lizard is nearby!
A frilled lizard is nearby!
You hit the frilled lizard.
You kill the frilled lizard!
No target in view!
No target in view!
No target in view!
There is a stone staircase leading up here.
You climb upwards.
There is a stone staircase leading down here.
As you open the door, it creaks loudly!
There is an open door here.
There is an open door here.
There is an open door here.
There is a staircase leading out of the dungeon here.
You have escaped!

#.....#.....#...#...#.....# #....
#.....#..#...#..#..#...#..######.
#.."......#..#..#..#..#....# #.
...........#..#.#.#..#.....#####.
........#...#.#.#.#.#...#..##....
.........##..#.#.#.#..##...##.##.
#####......##.#...#.##.....##.##.
#........#.....#.......##.##.
#..######...@...######..#.##.
#........#.....#........#.###
#......##.#...#.##......#.###
#....##..#.#.#.#..##.........
#...#...#.#.#.#.#...#..######
#......#..#.#.#..#.....# #.
#.....#..#..#..#..#....# #.
#....#...#..#..#...#..## #.
#####.#.....#...#...#.....######.


There were no monsters in sight!

Vanquished Creatures
  A dart slug (D:1)
  3 giant cockroaches (D:1)
  2 goblins (D:1)
  2 hobgoblins (D:1)
  2 quokkas (D:1)
  A ball python (D:1)
  2 bats (D:1)
  A frilled lizard (D:2)
  A kobold (D:1)
15 creatures vanquished.

Notes
Turn   | Place    | Note
-------+----------+-------------------------------------------
     0 | D:1      | Klosterheim the Coglin Fighter began the quest for the Orb.
     0 | D:1      | Reached XP level 1. HP: 18/18 MP: 1/1
    73 | D:1      | Reached XP level 2. HP: 24/24 MP: 2/2
   927 | D:$      | Got out of the dungeon alive.

Illustrated notes

Levels and vault maps discovered:
D:1:      minmay_arrival_radiant_lines, layout_basic
D:2:      cheibrodos_helix_gallery, layout_basic, minmay_misc_feat_doors

Skill      XL: |  1 |
---------------+----+-----
Maces & Flails | 2 |  2.3
Fighting       | |  3.2
Armour         | |  2.9
Shields        | |  2.3

Action                     || total
---------------------------++-------
  Melee: Flail             ||    51
 Armour: Scale mail        ||    48
  Dodge: Dodged            ||    21
  Block: Buckler           ||    13

Table legend: (Time is in decaauts)
 A = Elapsed time spent in this place.
 B = Non-inter-level travel time spent in this place.
 C = Inter-level travel time spent in this place.
 D = Time resting spent in this place.
 E = Time spent auto-exploring this place.
 F = Levels seen in this place.
 G = Mean time per level.
                   A        B        C        D        E       F      G
               +--------+--------+--------+--------+--------+-----+--------+
         Total |    944 |    815 |    129 |      0 |    685 |   2 |  472.0 |
       Dungeon |    944 |    815 |    129 |      0 |    685 |   2 |  472.0 |
               +--------+--------+--------+--------+--------+-----+--------+

Top non-repeatable levels by time:
     D:1: 907 daAuts
     D:2: 37 daAuts
